Cogmind - Beta 10.2 @@@ ROGUE MODE // 2021.01.08 @ 16:53:53 Player: PotlegsImprint Result: Self-destructed Performance ------------- Evolutions (1) 500 Regions Visited (2) 400 Robots Destroyed (6) 30 Value Destroyed (41) 41 Prototype IDs (0) 0 Alien Tech Used (0) 0 Bonus (0) 0 TOTAL SCORE: 971 Bonus ------- None Cogmind --------- Core Integrity 389/400 Matter 247/300 Energy 93/100 System Corruption 0% Temperature Cool (0) Movement Treading (160) Location -9/Materials Parts ------- > --- POWER (2) -------- (None) > --- PROPULSION (3) --- Light Treads Flight Unit > --- UTILITY (2) ------ Visual Processing Unit Improved Terrain Scanner > --- WEAPON (2) ------- Small Laser Assault Rifle > --- INVENTORY (4) ---- Ion Engine Mining Laser Peak State ------------ > --- POWER ------------ (None) > --- PROPULSION ------- Light Treads Flight Unit > --- UTILITY ---------- Visual Processing Unit Improved Terrain Scanner > --- WEAPON ----------- Small Laser Assault Rifle > --- INVENTORY -------- Ion Engine Mining Laser [Rating: 8] Favorites ----------- Power None Propulsion Light Treads Treads Light Treads Flight Unit Flight Unit Utility Improved Terrain Scanner Device Improved Terrain Scanner Processor Visual Processing Unit Weapon Mining Laser Energy Gun Small Laser Ballistic Gun Assault Rifle Special Weapon Mining Laser Build | -11 -10 -9 ------- Run | Scr Mat Mat Slots Evolved 2 | . . 2 Power 1 | . . 1 Propulsion 1 | . . 1 Utility . | . . . Weapon . | . . . Parts Attached 11 | 6 2 3 Power . | . . . Engine . | . . . Core . | . . . Reactor . | . . . Propulsion 3 | 2 1 . Treads 2 | 2 . . Leg . | . . . Wheel . | . . . Hover . | . . . Flight 1 | . 1 . Utility 3 | 2 . 1 Device 1 | 1 . . Storage . | . . . Processor 2 | 1 . 1 Hackware . | . . . Protection . | . . . Artifact . | . . . Weapon 5 | 2 1 2 Energy Gun 2 | 1 . 1 Energy Cannon . | . . . Ballistic Gun 2 | 1 . 1 Ballistic Cannon . | . . . Launcher . | . . . Special Weapon 1 | . 1 . Impact Weapon . | . . . Slashing Weapon . | . . . Piercing Weapon . | . . . Special Melee Weapon . | . . . Unidentified Prototypes . | . . . Parts Lost . | . . . Power . | . . . Propulsion . | . . . Utility . | . . . Weapon . | . . . Highest Loss Streak . | . . . Average Slot Usage (%) 57 | . 71 55 Treads 13 | . 26 11 Flight 9 | . 1 11 Device 11 | . 14 11 Processor 11 | . 14 10 Energy Gun 1 | . 10 . Special Weapon 9 | . 3 10 Naked Turns . | . . . Heaviest Build 3 | 3 2 2 Greatest Support 40 | 40 4 4 Greatest Overweight (x) . | . . . Average Overweight (x) . | . . . Largest Inventory Capacity 4 | 4 4 4 Average Capacity 4 | 4 4 4 Most Carried 4 | 4 4 3 Average Carried 2 | . 3 2 Final Capacity 4 | 4 4 4 Final Carried 3 | 3 3 2 Class Distribution -------------------- 100% | Mutant Dominant Class ---------------- Mutant | -10/Materials Mutant | -9/Materials Resources | -11 -10 -9 ----------- Run | Scr Mat Mat Matter Collected 323 | 323 . . Remotely . | . . . Salvage Created 198 | 198 . . Parts 18 | 18 . . Haulers Intercepted . | . . . Recyclers Shooed . | . . . Parts Field Recycled . | . . . Retrieved Matter . | . . . Parts Self-Destructed . | . . . Prevented . | . . . Kills | -11 -10 -9 ------- Run | Scr Mat Mat Combat Hostiles Destroyed . | . . . Classes Destroyed 2 | 2 . . Tunneler 5 | 5 . . Recycler 1 | 1 . . Best Kill Streak 4 | 4 . . Combat Bots Only . | . . . Max Kills in Single Turn 1 | 1 . . Gunslinging . | . . . Exploded . | . . . Melee . | . . . Uniques/NPCs Destroyed . | . . . Combat | -11 -10 -9 -------- Run | Scr Mat Mat Damage Taken 11 | . . 11 Core 11 | . . 11 Absorbed by Shields . | . . . Core Remaining (%) 100 | 100 100 . Volleys Fired 27 | 21 2 4 Largest 2 | 1 1 2 Hottest 100 | 20 100 100 Shots Fired 28 | 21 2 5 Gun 23 | 21 . 2 Cannon . | . . . Launcher . | . . . Special 5 | . 2 3 Kinetic 22 | 21 . 1 Thermal 6 | . 2 4 Explosive . | . . . Electromagnetic . | . . . Robot Hit Streak 6 | 6 . 6 Robot Miss Streak 2 | 2 . . Penetration Max . | . . . Secondary Targets . | . . . Shots Hit Robots 18 | 16 . 2 Core Hits 8 | 7 . 1 Critical Hits . | . . . Critical Kills . | . . . Critical Parts Destroyed . | . . . Melee Attacks . | . . . Impact . | . . . Slashing . | . . . Piercing . | . . . Sneak Attacks . | . . . Combat Hostiles . | . . . Follow-up Attacks . | . . . Damage Inflicted 220 | 196 . 24 Guns 220 | 196 . 24 Cannons . | . . . Explosions . | . . . Melee . | . . . Ramming . | . . . Kinetic 209 | 196 . 13 Thermal 11 | . . 11 Explosive . | . . . Electromagnetic . | . . . Impact . | . . . Slashing . | . . . Piercing . | . . . Highest Corruption . | . . . Average Corruption . | . . . Corruption Purged . | . . . Overload Shots . | . . . Overflow Damage . | . . . Projectiles . | . . . Explosions . | . . . Melee . | . . . Knockbacks . | . . . Impact . | . . . Kinetic . | . . . Secondary . | . . . Self-Inflicted Damage . | . . . Shots . | . . . Rammed . | . . . Targets Rammed . | . . . Kicked . | . . . Crushed . | . . . Highest Temperature 1 | . 1 . Average Temperature 1 | . 1 . Received Heat Transfer 6 | . . 6 Siege Activations . | . . . Robots Corrupted . | . . . Combat Hostiles . | . . . Parts Fried . | . . . Impact Corruptions . | . . . Robots Melted . | . . . Combat Hostiles . | . . . Parts Melted . | . . . Heat Transferred 25 | . . 25 Parts Sabotaged . | . . . Parts Stolen . | . . . Parts Stripped . | . . . Power Chain Reactions . | . . . Missiles Intercepted . | . . . Alert | -11 -10 -9 ------- Run | Scr Mat Mat Peak Influence 30 | 30 27 30 Initial 19 | . 19 11 Average 9 | 17 20 6 Maximum Alert Level . | . . . Low Security (%) 100 | 100 100 100 Level 1 . | . . . Level 2 . | . . . Level 3 . | . . . Level 4 . | . . . Level 5 . | . . . High Security . | . . . Max Security . | . . . Squads Dispatched 1 | . . 1 Investigation . | . . . Extermination . | . . . Reinforcement 1 | . . 1 Assault . | . . . Garrison . | . . . Intercept . | . . . Construction Impeded . | . . . Haulers Reinforced . | . . . Stealth | -11 -10 -9 --------- Run | Scr Mat Mat Distress Signals . | . . . Communications Jammed . | . . . Distress Signals . | . . . Times Spotted 4 | . . 4 Peak Tracking Total 2 | . . 2 Tactical Retreats 1 | . . 1 Traps | -11 -10 -9 ------- Run | Scr Mat Mat Traps Triggered . | . . . Indirectly . | . . . Trap Hack Attempts . | . . . Triggered . | . . . Disarmed . | . . . Reprogrammed . | . . . Reused . | . . . Traps Extracted . | . . . Installed . | . . . Triggered . | . . . Machines | -11 -10 -9 ---------- Run | Scr Mat Mat Machines Disabled . | . . . Max in Single Turn . | . . . Machines Sabotaged . | . . . Garrisons Compromised . | . . . Overloaded Fab Kills . | . . . Fab Network Shutdowns . | . . . Hacking | -11 -10 -9 --------- Run | Scr Mat Mat Machines Accessed 2 | . 2 . Terminals 2 | . 2 . Fabricators . | . . . Repair Stations . | . . . Recycling Units . | . . . Scanalyzers . | . . . Garrison Access . | . . . Total Hacks 7 | . 7 . Successful 3 | . 3 . Failed 4 | . 4 . Catastrophic 1 | . 1 . Database Lockouts . | . . . Manual 7 | . 7 . Terminals 7 | . 7 . Fabricators . | . . . Repair Stations . | . . . Recycling Units . | . . . Scanalyzers . | . . . Garrison Access . | . . . Terminal Hacks 2 | . 2 . Terminal Index 1 | . 1 . Patrol Status 1 | . 1 . Fabricator Hacks . | . . . Repair Station Hacks . | . . . Recycling Unit Hacks . | . . . Scanalyzer . | . . . Garrison Access Hacks . | . . . Unauthorized Hacks 1 | . 1 . Terminals 1 | . 1 . Track 1 | . 1 . Fabricators . | . . . Repair Stations . | . . . Recycling Units . | . . . Scanalyzers . | . . . Garrison Access . | . . . Data Cores Recovered . | . . . Used . | . . . Hacking Detections 2 | . 2 . Full Trace Events . | . . . Feedback Events . | . . . Feedback Blocked . | . . . Robot Schematics Acquired . | . . . Robots Built . | . . . Matter . | . . . Time . | . . . Total Robot Build Rating . | . . . Part Schematics Acquired . | . . . Parts Built . | . . . Matter . | . . . Time . | . . . Total Part Build Rating . | . . . Parts Repaired . | . . . Time . | . . . Parts Recycled . | . . . Recycled Matter . | . . . Retrieved Matter . | . . . Retrieved Components . | . . . Parts Scanalyzed . | . . . Part Schematics Acquired . | . . . Parts Damaged . | . . . Bothacking | -11 -10 -9 ------------ Run | Scr Mat Mat Used RIF Installer . | . . . Robots Hacked . | . . . Non-combat . | . . . Combat . | . . . Robot Hacks Applied . | . . . Relay Couplers Released . | . . . Robots Rewired . | . . . Allies Hacked . | . . . Hacks Repelled . | . . . Allies | -11 -10 -9 -------- Run | Scr Mat Mat Total Allies . | . . . Largest Group . | . . . Highest-Rated Group . | . . . Highest-Rated Ally . | . . . Total Orders . | . . . Ally Attacks . | . . . Total Damage . | . . . Kills . | . . . Allies Corrupted . | . . . Allies Melted . | . . . Intel | -11 -10 -9 ------- Run | Scr Mat Mat Robot Analysis Total . | . . . Derelict Logs Recovered . | . . . Drone Launches . | . . . Drone Recoveries . | . . . Exploration | -11 -10 -9 ------------- Run | Scr Mat Mat Turns Passed 1960 | 127 266 1567 Spaces Moved 272 | 81 115 76 Core 144 | 74 70 . Treads 7 | 7 . . Legs . | . . . Wheels . | . . . Hover . | . . . Flight 121 | . 45 76 Fastest Speed 50 | 50 50 60 Average Speed 57 | 59 53 60 Slowest Speed 160 | 160 60 60 Overloaded Moves . | . . . Propulsion Burnouts . | . . . Robots Hopped 1 | . 1 . Cave-ins Triggered . | . . . Exploration Rate (%) 11 | 4 19 10 Regions Visited 2 Branch Regions . Pre-discovered Areas . | . . . Known Exits Taken . | . . . Unknown Exits Taken 2 | 1 1 . Scrap Searched . | . . . Spaces Dug 4 | . 2 2 Terrain Destroyed 5 | . 2 3 Melee . | . . . Projectile 5 | . 2 3 AOE . | . . . Terrain Rammed . | . . . Walls Destroyed . | . . . Machines Disabled . | . . . Actions | -11 -10 -9 --------- Run | Scr Mat Mat Total 2031 | 135 311 1585 Wait 1716 | 23 192 1501 Move 268 | 80 112 76 Hop 1 | . 1 . Pick Up 4 | 4 . . Fast Attach 7 | 5 1 1 Attach 1 | . . 1 Detach 2 | . 1 1 Swap 3 | 1 1 1 Drop 2 | 1 1 . Fire 27 | 21 2 4 Melee . | . . . Ram . | . . . Kick . | . . . Crush . | . . . Escape Stasis . | . . . Rewire . | . . . Trap . | . . . Miscellaneous . | . . . Route ------- -11/Scrapyard -10/Materials -9/Materials History --------- Turn | Location | Event 6 | -11/Scrapyard | Discovered new exit (range 15) 128 | -11/Scrapyard | Entered Materials 317 | -10/Materials | Build established: Mutant 391 | -10/Materials | Discovered new exit (range 6) 394 | -10/Materials | Entered another Materials area 394 | -9/Materials | Evolved 2 slots: Power x1, Propulsion x1 1961 | -9/Materials | Self-destructed Last Messages --------------- Found 7 terminals. Downloaded coordinate data. 00349_ K-01 Serf cleans the Material Processor. 00362_ Acquired Flight Unit. 00363_ Dropped Lgt. Treads. 00376_ Connecting with Terminal... 00390_ K-01 Serf collects debris. 00391_ EXIT=FOUND PARAMETERS=POWER_1,PROPULSION_1 LOCATION=UNKNOWN GOAL=ESCAPE 00399_ O-16 Technician: "IFF HANDSHAKE FAILED. SECURING TERMINAL." 00399_ O-16 Technician uses terminal to summon reinforcements. 00399_ ALERT: Hostiles spotted, dispatching reinforcements to Terminal M007. 00399_ O-16 Technician locks terminal. 00399_ Discarded Seismic Analyzer. 00403_ Acquired Visual Processing Unit. 00445_ U-05 Engineer builds a Wall. 01938_ Destroyed Datajack. Map ----- +----------------------------------------------------+ | ?????????????????????????????????????????????????? | | ?????????????????????????????????????????????????? | | ?????????????????????????????????????????????????? | | ?????????????????????????????????????????????????? | | ?????????????????????????????????????????????????? | | ?????????????????????????????????????????????????? | | ?????????????????????????????????????????????????? | | ??????????????????????????? ????????????????????? | | ?????????????????????????? ?????????????????? | | ?????????????????????????? !!?????????????????? | | ?????????????????????????? !??????????????????? | | ????????????????????????# ????????????????? | | ????????????????????????#? ???? ????????????? | | ????????????????????????? ? ?????????????? | | ????????????????????????? """ ?????????????? | | ????????????#???????????? """ #??????????????? | | ???????????#???#????????? """ #??????????????? | | ????????????????????#???? #??????????????? | | ????###########?????????? #??????????????? | | ????# #?????????? """ ???????????????? | | ????# [! "" #??######## """ ##?????????????? | | ????# [ "" ##?# """ #?????????????? | | ???## [ T" #??# #?????????????? | | ????# "" #?## #?? ??????????? | | ?#??#[ "" #??# ###+####### #?????????????? | | ????# #??# # @ #????? ??????????????? | | ????# #?## # ###? ????????????????? | | ???#######+####### # ####?????????????????? | | ???# # #?## ???????????????? | | ???# # #### ? ??????????????? | | ???# # #??? #?????????????? | | ???# ##########+############# ? #????????????? | | ?#?# #??##?# #???##### ????????????? | | ???# #?##??# """ ###?##### ?? ???????????? | | ???# #?##### """""##?###### ? ???????????? | | ???######?##?# """""##??####? ? ###??????????? | | ????#????##### """""###############????????????? | | ???#????###### """ #############??##??????????? | | ????????#?#?## ##########??#####??????????? | | ????????###?## ###?###?###?#####??????????? | | ???????#?##### [ " ###??##?####??##?????????? | | ????????#?###############???#?#?#####?#??????????? | | ????????##?##?##?###?##??##??###??###?#??????????? | | ????????#?###?##?##?#########?#?#?#?#?#??????????? | | ????????#?###?###?############?########??????????? | | ????????#######???##?#?##?#####?#?#####??????????? | | ????#????###??#########?############?#???????????? | | ?????????#?##?##?####??##########?###????????????? | | ??????????##???######??########?##?#?????????????? | | ??????????####??#######?#?##?##?####?????????????? | +----------------------------------------------------+ Best States ------------- Heat Dissipation 28 Energy Generation 5 Energy Capacity 100 Matter Stores 300 Matter Capacity 300 Sight Range 18 Terrain Scan Range 16 Terrain Scan Density 60 Evasion (%) 58 Recoil Reduction 2 Item Schematics ----------------- None Robot Schematics ------------------ None Fabricated ------------ Nothing Alien Tech Used ----------------- None Achievements -------------- None Challenges ------------ None Game ------ Seed ContainmentDamperGenerator Manual? 0 Play Time 00:06:07 Cumulative 1858.7 hours Start 2021.01.08 @ 16:49:31 End 2021.01.08 @ 16:53:53 Sessions 1 Manual Loads 0 Difficulty Rogue Special Mode None Game No. 2533 Rogue 2525 Adventurer 0 Explorer 8 Win Type - Total 192 Types 41/26/74/3/3/5/37/2/1 Lore% 100 Gallery% 99 Achievement% 100 Wizard Run 0 Options --------- ASCII 0 Keyboard 1 Movement Numpad Keybinds 1 Fullscreen 1 Font 18/SmallcapsGlow Map View 76x50 Tactical HUD 1 Map Filters NONE Filters NONE Steam 1 RUN: 4441197d-cbef-4137-b792-dbec4130b61c